 Dungeon Crawl Stone Soup version 0.29.0-15-g675c0067aa (webtiles) character file.

Game seed: 17976564219587071215

206447 qw the Slayer (level 18, -1/273 HPs)
             Began as a Minotaur Berserker on Sept 11, 2022.
             Was a High Priest of Trog.
             Killed by the air
             ... invoked by a wind drake
              (9 damage)
             ... on level 4 of the Shoals.
             The game lasted 00:13:20 (33862 turns).

qw the Slayer (Minotaur Berserker)                 Turns: 33862, Time: 00:13:21

Health: -1/273     AC: 37    Str: 30    XL:     18   Next: 44%
Magic:  15/15      EV: 16    Int:  1    God:    Trog [*****.]
Gold:   1614       SH: 23    Dex: 14    Spells: 17/17 levels left

rFire   . . .      SeeInvis +   f - +9 war axe (spect)
rCold   + . .      Faith    .   E - +1 tower shield {AC+3}
rNeg    . . .      Spirit   .   q - +9 plate armour
rPois   +          Reflect  .   (helmet restricted)
rElec   +          Harm     .   b - scarf {repulsion}
rCorr   .          Rampage  .   n - +1 pair of gloves of the Archfiend {rElec rC+}
Will    ++++.                   c - +2 pair of boots of the Wasteland {rPois Regen+ Int-3 Dex+4}
Stlth   ..........              j - amulet of the acrobat
HPRegen 2.35/turn               v - +4 ring of evasion
MPRegen 0.14/turn               t - ring of see invisible

@: berserking (expiring), strong-willed, regenerating, repel missiles, very
quick
A: horns 2, retaliatory headbutt, hooves 1, low MP 1, strong-willed 1
a: Renounce Religion, Berserk, Trog's Hand, Brothers in Arms


You were on level 4 of the Shoals.
You worshipped Trog.
Trog was extremely pleased with you.
You visited 5 branches of the dungeon, and saw 29 of its levels.
You visited the Abyss 1 time.

You collected 3242 gold pieces.
You spent 1628 gold pieces at shops.


Innate Abilities, Weirdness & Mutations

You have a pair of horns on your head.
You reflexively headbutt those who attack you in melee.
You have large cloven feet.
Your magical capacity is low. (-10% MP)
You are strong-willed. (Will+)


   Skills:
 + Level 21.2 Fighting
 - Level 16.0 Axes
 - Level 5.3 Throwing
 - Level 19.0 Armour
 - Level 11.0 Dodging
 - Level 21.0 Shields


You had 17 spell levels left.
You didn't know any spells.
Your spell library was empty.

Inventory:

Hand Weapons
 f - a +9 spectral war axe (weapon)
 i - the +4 broad axe of Eziup {vorpal, Str+3 Int-2 Dex+4}
   (Trog gifted it to you on level 3 of the Shoals)

   It inflicts extra damage upon your enemies.
   Str:       It affects your strength (+3).
   Int:       It affects your intelligence (-2).
   Dex:       It affects your dexterity (+4).
Missiles
 o - 4 boomerangs (quivered)
Armour
 b - a scarf of repulsion (worn)
 c - the +2 pair of boots of the Wasteland (worn) {rPois Regen+ Int-3 Dex+4}
   (You found it on level 3 of the Lair of Beasts)

   Int:       It affects your intelligence (-3).
   Dex:       It affects your dexterity (+4).
   rPois:     It protects you from poison.
   Regen:     It increases your rate of health regeneration.
 n - the +1 pair of gloves of the Archfiend (worn) {rElec rC+}
   (You found it on level 1 of the Lair of Beasts)

   rC:        It protects you from cold.
   rElec:     It insulates you from electricity.
 q - a +9 plate armour (worn)
 y - a +2 cloak
 E - a +1 tower shield of protection (worn)
Jewellery
 g - a ring of fire
 j - an amulet of the acrobat (around neck)
 p - a ring of poison resistance
 t - a ring of see invisible (right hand)
 u - a ring of poison resistance
 v - a +4 ring of evasion (left hand)
 z - the amulet of Orusimos {Reflect Harm rPois rC- Int+3 SH+5}
   (You found it on level 4 of the Shoals)

   [amulet of reflection]

   It reflects blocked missile attacks.
   Int:       It affects your intelligence (+3).
   rC:        It makes you vulnerable to cold.
   rPois:     It protects you from poison.
   SH:        It affects your SH (+5).
   Harm:      It increases damage dealt and taken.
 B - a ring of protection from fire
 Y - a +4 ring of slaying {mikee}
Wands
 k - a wand of digging (16)
Scrolls
 a - 18 scrolls of teleportation
 h - 12 scrolls of identify
 l - 3 scrolls of brand weapon
 A - 3 scrolls of enchant weapon
Potions
 d - 4 potions of might
 e - 15 potions of curing
 m - 6 potions of mutation
 r - 6 potions of heal wounds
 s - 4 potions of resistance
 w - a potion of cancellation
 x - 2 potions of haste

Dungeon Overview and Level Annotations

Branches:
Dungeon (15/15)            Temple (0/1) D:5            Lair (5/5) D:10
 Shoals (4/4) Lair:2        Snake (3/4) Lair:2        Slime (0/5) Lair:4
    Orc (2/2) D:10            Elf (0/3) Orc:2        Vaults (0/5) D:14
 Depths (0/4) D:15

Altars:
Ashenzari
Elyvilon
Gozag
Kikubaaqudgha
Makhleb
Ru
Sif Muna
Vehumet
Xom
Yredelemnul
Jiyva

Shops:
D:2 *?[[   D:5 ?   D:8 :   D:10 *   Orc:2 ?*[:*   Shoals:2 *(*   Snake:2 !

Annotations:
D:5 2 transporters, qw's ghost, weakling GrDe
D:7 4 runed translucent doors, Crazy Yiuf; qw's ghost, novice GrDe
Snake:1 2 runed translucent doors, Icun's ghost, journeyman GnWr


Message History

Donald is moderately wounded.
Your +9 spectral war axe hits Donald!
Your +9 spectral war axe hits the merfolk impaler!
Your +9 spectral war axe hits the merfolk javelineer!
Your +9 spectral war axe barely misses the merfolk javelineer.
The merfolk aquamancer gestures wildly while chanting.
The merfolk aquamancer blinks!
The merfolk javelineer throws a silver javelin.
The silver javelin pierces through you but does no damage.
The silver sears you! You block the merfolk impaler's attack.
The merfolk avatar chants a haunting song.
You resist with almost no effort. You block the merfolk impaler's attack.
The alligator snapping turtle bites you but does no damage.
The wind drake flaps its wings at you. The air twists around and strikes you!!
You block the merfolk javelineer's attack.
The merfolk javelineer closely misses your +9 spectral war axe.
The merfolk impaler closely misses you.
The merfolk avatar chants a haunting song.
You resist with almost no effort.
You slice Donald!!
Donald is severely wounded.
Donald blocks your +9 spectral war axe's attack.
Your +9 spectral war axe closely misses the merfolk impaler.
Your +9 spectral war axe hits the merfolk siren!
Your +9 spectral war axe hits the alligator snapping turtle but does no damage.
You block Donald's attack.
You block the merfolk impaler's attack. x2
You slash Donald! You headbutt Donald, but do no damage.
Donald is almost dead.
Your +9 spectral war axe hits Donald!
You kill Donald!
Trog accepts your kill.
Trog appreciates your killing of a magic user.
You hear a splash. x3
Your +9 spectral war axe closely misses the merfolk siren.
Your +9 spectral war axe completely misses the alligator snapping turtle.
Your +9 spectral war axe closely misses the merfolk impaler.
The wind drake flaps its wings at you. The air twists around and strikes you!
You die...

~~~t~.. .....~~~~....[....
.@~~... .....~~~~.........
.....m. .....~~~~~~~......
...~.Em ####..~~~.........
...~~.. ##.m~~.........
...~Hm. ##.~~~~~....)##
.....mm######..~~~~~.....##
...~~.Ctm))%m.~~~~~~~./....
.?.~~~mSm)@)m~~~~~~~~.~~...
#.~~~~mkm(%~%~~~~~~~~~~...~
#~~~~~~~mtmm~~~~~~~~~~~..~~
#~~~~~mm~t~~~~~~~~~~~~~~~~.
#~~~~~~~~~~~~~~~~~~~~~~~~~~
#~~~~~~~~~~~~~~~~~~~~~~~~~~
#~~~~~~~~~~~~~~~~~~~~~~~~~~
~~~~~~~~~~~~~~~~~~~~~~~~
~~~~~~~~~~~~~~~~~~~~~~~~


You could see an alligator snapping turtle, 4 merfolk avatars, 4 merfolk
impalers, 3 merfolk javelineers, a sea snake, a merfolk aquamancer, 2 snapping
turtles, a wind drake (repels missiles), 2 merfolk, a manticore, a cyclops, a
merfolk siren, a water nymph and a friendly +9 spectral war axe (summoned).

Vanquished Creatures
  Bai Suzhen (Snake:2)
  A shard shrike zombie (Abyss:3)
  Jorgrun (Snake:1)
  A shard shrike skeleton (Abyss:3)
  A kraken (Shoals:4)
  Kirke (Shoals:1)
  Donald (Shoals:4)
  4 nagarajas
  An orc warlord (Orc:1)
  An ophan (Abyss:3)
  A merfolk javelineer (Shoals:4)
  A green death (Abyss:3)
  4 merfolk impalers
  A fire dragon (D:14)
  Fannar (D:11)
  4 boulder beetles
  10 naga warriors
  2 ogre magi (D:15)
  13 anacondas
  3 hydras
  7 centaur warriors
  2 catoblepae
  An alligator snapping turtle (Shoals:2)
  7 merfolk aquamancers
  2 merfolk avatars (Shoals:2)
  11 two-headed ogres
  12 death yaks
  2 satyrs
  4 thrashing horrors (Abyss:3)
  3 orc high priests (Orc:2)
  4 shock serpents
  3 naga sharpshooters
  A shadow wraith (D:14)
  2 skeletal warriors (D:14)
  A naga ritualist (Snake:2)
  2 large abominations (Abyss:3)
  16 sea snakes
  A shadow demon (Abyss:3)
  A wizard (D:14)
  A wolf spider zombie (D:14)
  A lindwurm (D:14)
  3 orc knights (Orc:2)
  20 harpies
  2 deep elf pyromancers (D:15)
  4 mana vipers (Snake:1)
  25 manticores
  4 oklob plants (Lair:4)
  33 fauns
  14 ugly things
  7 orc sorcerers
  A will-o-the-wisp (Abyss:3)
  6 cyclopes
  3 starcursed masses (Abyss:3)
  Maurice (D:11)
  13 elephants
  33 black mambas
  7 centaur zombies (D:14)
  A salamander (Snake:1)
  3 guardian serpents
  10 cane toads
  10 naga magi
  7 merfolk sirens
  4 smoke demons (Abyss:3)
  Joseph (D:7)
  7 water nymphs
  An orange demon (Abyss:3)
  7 unseen horrors
  Maggie (D:7)
  3 efreet
  12 komodo dragons
  A rime drake (Lair:4)
  8 trolls
  5 polar bears (Lair:5)
  7 wind drakes
  7 hornets
  7 merfolk
  8 dream sheep
  3 raiju (Abyss:3)
  13 blink frogs
  9 snapping turtles
  10 slime creatures
  16 spriggans
  A shadow (D:12)
  17 water elementals
  Sigmund (D:5)
  4 wraiths
  7 wyverns
  3 vampires (D:11)
  55 yaks
  A hog (shapeshifter) (D:13)
  3 hogs (Shoals:1)
  Grum (D:9)
  2 basilisks
  2 steam dragons
  10 vampire mosquitoes
  2 small abominations (Abyss:3)
  3 wargs (Orc:1)
  22 nagas
  An acid dragon (D:11)
  16 water moccasins
  A sky beast (D:6)
  25 orc warriors
  6 black bears
  A hornet zombie (D:14)
  14 ogres
  2 boggarts (Lair:5)
  31 wolves
  8 centaurs
  2 phantoms (D:11)
  11 bullfrogs
  3 kobold brigands
  2 gnoll sergeants
  A necrophage (D:6)
  2 scorpions (D:4)
  10 wights
  6 jellies
  15 killer bees
  12 howler monkeys
  An iron imp (Abyss:3)
  2 hounds
  18 orc priests
  3 gnoll boudas
  7 iguanas
  Natasha (thrice) (D:3)
  29 orc wizards
  21 gnolls
  9 adders
  A white imp (D:7)
  2 worms
  6 dart slugs
  94 orcs
  7 ball pythons
  8 endoplasms
  10 giant cockroaches
  5 goblins
  6 hobgoblins
  26 kobolds
  2 quokkas
  10 bats
  3 frilled lizards
  6 rats
  4 tentacles (Shoals:4)
1060 creatures vanquished.

Vanquished Creatures (collateral kills)
  A fire giant (D:15)
  An orc warlord (Orc:1)
  Aizul (Snake:3)
  An ettin (D:14)
  A merfolk avatar (Shoals:3)
  3 hydras
  An alligator snapping turtle (Shoals:3)
  2 two-headed ogres (D:15)
  A death yak (Lair:3)
  An orc knight (Orc:2)
  3 ugly things (D:15)
  A lindwurm (Lair:3)
  An orc sorcerer (Orc:2)
  2 manticores
  A blink frog (Lair:1)
  3 yaks (Lair:4)
  An orc warrior (Orc:2)
  A wolf (D:9)
  An ogre (D:15)
  A boggart (Lair:5)
  2 killer bees (D:9)
  An orc priest (Orc:2)
  An orc (Orc:1)
32 creatures vanquished.

Vanquished Creatures (others)
  A merfolk avatar (Shoals:1)
  A harpy (Shoals:4)
  A merfolk (Shoals:4)
  A snapping turtle (Shoals:4)
  4 foxfires (Abyss:3)
  15 fungi
  115 plants
  4 tentacles (Shoals:4)
  2 toadstools (D:2)
  3 withered plants (D:14)
147 creatures vanquished.

Grand Total: 1239 creatures vanquished

Notes
Turn   | Place    | Note
-------+----------+-------------------------------------------
     0 | D:1      | qw the Minotaur Berserker began the quest for the Orb.
     0 | D:1      | Reached XP level 1. HP: 19/19 MP: 0/0
     0 | D:1      | 0 ||| qw: Version: 0.1-a-119-g272c26d
     0 | D:1      | 0 ||| qw: Game counter: 10673
     0 | D:1      | 0 ||| qw: Always use a shield: true
     0 | D:1      | 0 ||| qw: Do Orc after D:15 true
     0 | D:1      | 0 ||| qw: Do second Lair branch before Depths: true
     0 | D:1      | 0 ||| qw: Lair rune preference: random
     0 | D:1      | 0 ||| qw: Plans: Normal
     0 | D:1      | 0 ||| PLANNING D:1-11
    52 | D:1      | Found a faded altar of an unknown god.
    63 | D:1      | 63 ||| INVOKING Berserk.
    69 | D:1      | Reached XP level 2. HP: 26/26 MP: 1/1
   416 | D:1      | Reached XP level 3. HP: 31/31 MP: 2/2
   668 | D:1      | 668 ||| Stepping ~*~*~tactically~*~*~ (stealth).
   675 | D:1      | 675 ||| Stepping ~*~*~tactically~*~*~ (hiding).
   685 | D:1      | Reached ** piety under Trog
   910 | D:1      | 910 ||| UPGRADING to +0 ring mail.
   920 | D:1      | 920 ||| DROPPING +0 animal skin.
   921 | D:1      | 921 ||| UPGRADING to +0 chain mail.
   931 | D:1      | 931 ||| DROPPING +0 ring mail.
   932 | D:1      | 932 ||| UPGRADING to amulet of the acrobat.
   937 | D:1      | 937 ||| READING scroll labelled PUC YBBOFO.
   938 | D:1      | 938 ||| READING 2 scrolls labelled ACLATOO HEONT.
   939 | D:1      | 939 ||| DRINKING 2 red potions.
  1282 | D:2      | Found Mohoipikh's Armour Shoppe.
  1289 | D:2      | Found Yroedur's Antique Armour Emporium.
  1290 | D:2      | 1290 ||| SHOPLISTING +0 plate armour of positive energy
                  | (297 gold, have 9).
  1290 | D:2      | 1290 ||| SHOPLISTING +1 chain mail of fire resistance (181
                  | gold, have 9).
  1299 | D:2      | Reached skill level 1 in Throwing
  1310 | D:2      | Reached XP level 4. HP: 39/39 MP: 3/3
  1311 | D:2      | Found Lerualir's Magic Scroll Shop.
  1327 | D:2      | 1327 ||| SHOPLISTING scroll of teleportation (42 gold, have
                  | 9).
  1337 | D:2      | 1337 ||| SHOPLISTING cloak (139 gold, have 9).
  1337 | D:2      | 1337 ||| SHOPLISTING runed plate armour (806 gold, have 9).
  1337 | D:2      | 1337 ||| SHOPLISTING runed scarf (248 gold, have 9).
  1353 | D:2      | 1353 ||| Stepping ~*~*~tactically~*~*~ (stealth).
  1533 | D:2      | Found Jaje's General Store.
  1608 | D:2      | 1608 ||| Stepping ~*~*~tactically~*~*~ (stealth).
  1617 | D:2      | 1617 ||| Stepping ~*~*~tactically~*~*~ (stealth).
  1961 | D:2      | 1961 ||| READING scroll labelled KEARCH WYKHOWN.
  1962 | D:2      | 1962 ||| READING scroll labelled RUVVAG PODAERGH.
  2097 | D:2      | 2097 ||| READING scroll labelled LANKASHRAILEP.
  2098 | D:2      | 2098 ||| DRINKING 2 sedimented orange potions.
  2098 | D:2      | Gained mutation: Your magical capacity is low. (-10% MP)
                  | [potion of mutation]
  2098 | D:2      | Gained mutation: You are occasionally teleported next to
                  | monsters. [potion of mutation]
  2099 | D:2      | 2099 ||| DRINKING potion of mutation.
  2099 | D:2      | Lost mutation: You are occasionally teleported next to
                  | monsters. [potion of mutation]
  2099 | D:2      | Lost mutation: Your magical capacity is low. (-10% MP)
                  | [potion of mutation]
  2099 | D:2      | Gained mutation: You have large cloven feet. [potion of
                  | mutation]
  2099 | D:2      | Gained mutation: You are strong-willed. (Will+) [potion of
                  | mutation]
  2099 | D:2      | Gained mutation: Your magical capacity is low. (-10% MP)
                  | [potion of mutation]
  2153 | D:3      | Reached skill level 6 in Axes
  2194 | D:3      | Identified the +2 buckler "Soreppat" {Str+6 Stlth+}
  2276 | D:3      | Noticed Natasha
  2280 | D:3      | 2280 ||| INVOKING Berserk.
  2284 | D:3      | Killed Natasha
  2418 | D:3      | 2418 ||| Stepping ~*~*~tactically~*~*~ (stealth).
  2587 | D:3      | Noticed Natasha
  2588 | D:3      | 2588 ||| Stepping ~*~*~tactically~*~*~ (hiding).
  2589 | D:3      | 2589 ||| Stepping ~*~*~tactically~*~*~ (hiding).
  2594 | D:3      | 2594 ||| INVOKING Berserk.
  2598 | D:3      | Killed Natasha
  2599 | D:3      | Reached XP level 5. HP: 45/45 MP: 3/3
  2659 | D:3      | Noticed Natasha
  2661 | D:3      | 2661 ||| INVOKING Berserk.
  2663 | D:3      | Killed Natasha
  3040 | D:3      | 3040 ||| UPGRADING to +2 buckler "Soreppat" {Str+6 Stlth+}.
  3045 | D:3      | 3045 ||| READING scroll labelled WIXTAEROWA.
  3050 | D:3      | 3050 ||| READING 2 scrolls of identify.
  3050 | D:3      | 3050 ||| IDENTIFYING fuming blue potion
  3064 | D:4      | 3064 ||| INVOKING Berserk.
  3067 | D:4      | Reached skill level 1 in Shields
  3183 | D:4      | 3183 ||| DROPPING +0 whip.
  3223 | D:4      | 3223 ||| INVOKING Berserk.
  3229 | D:4      | Reached XP level 6. HP: 52/52 MP: 4/4
  3366 | D:4      | Found a burning altar of Makhleb.
  3536 | D:4      | 3536 ||| SWAPPING to +0 war axe.
  3537 | D:4      | 3537 ||| DROPPING +0 hand axe.
  3562 | D:4      | 3562 ||| Stepping ~*~*~tactically~*~*~ (stealth).
  3564 | D:4      | 3564 ||| INVOKING Berserk.
  3686 | D:4      | 3686 ||| Stepping ~*~*~tactically~*~*~ (hiding).
  3687 | D:4      | 3687 ||| Stepping ~*~*~tactically~*~*~ (hiding).
  3746 | D:4      | 3746 ||| Stepping ~*~*~tactically~*~*~ (stealth).
  3749 | D:4      | 3749 ||| Stepping ~*~*~tactically~*~*~ (stealth).
  3750 | D:4      | 3750 ||| Stepping ~*~*~tactically~*~*~ (stealth).
  3751 | D:4      | 3751 ||| INVOKING Berserk.
  3766 | D:4      | Reached *** piety under Trog
  3994 | D:4      | 3994 ||| Stepping ~*~*~tactically~*~*~ (hiding).
  4340 | D:4      | Reached skill level 9 in Axes
  4340 | D:4      | Reached XP level 7. HP: 59/59 MP: 5/5
  4389 | D:4      | 4389 ||| UPGRADING to ring of poison resistance.
  4390 | D:4      | 4390 ||| READING scroll labelled RAQUIF GI ZISI.
  4391 | D:4      | 4391 ||| DRINKING 3 lumpy coppery potions.
  4392 | D:4      | 4392 ||| READING 2 scrolls of identify.
  4392 | D:4      | 4392 ||| IDENTIFYING ruby potion
  4393 | D:4      | 4393 ||| DROPPING 2 potions of brilliance.
  4394 | D:4      | 4394 ||| DROPPING potion of ambrosia.
  4428 | D:5      | Entered Level 5 of the Dungeon
  4472 | D:5      | Found Plog's Magic Scroll Emporium.
  4480 | D:5      | 4480 ||| Stepping ~*~*~tactically~*~*~ (stealth).
  4485 | D:5      | 4485 ||| BUYING 2 scrolls of teleportation (78 gold).
  4485 | D:5      | Bought 2 scrolls of teleportation for 78 gold pieces
  4485 | D:5      | 4485 ||| SHOPLISTING 3 scrolls of enchant armour (292 gold,
                  | have 183).
  4485 | D:5      | 4485 ||| BUYING scroll of enchant armour (97 gold).
  4485 | D:5      | Bought a scroll of enchant armour for 97 gold pieces
  4485 | D:5      | 4485 ||| BUYING scroll of identify (26 gold).
  4485 | D:5      | Bought a scroll of identify for 26 gold pieces
  4485 | D:5      | 4485 ||| BUYING scroll of identify (26 gold).
  4485 | D:5      | Bought a scroll of identify for 26 gold pieces
  4488 | D:5      | Reached skill level 3 in Shields
  4503 | D:5      | 4503 ||| Stepping ~*~*~tactically~*~*~ (stealth).
  4504 | D:5      | 4504 ||| Stepping ~*~*~tactically~*~*~ (stealth).
  4585 | D:5      | 4585 ||| Stepping ~*~*~tactically~*~*~ (stealth).
  4587 | D:5      | 4587 ||| Stepping ~*~*~tactically~*~*~ (stealth).
  4591 | D:5      | 4591 ||| INVOKING Berserk.
  4593 | D:5      | Reached skill level 3 in Armour
  4740 | D:5      | Found a staircase to the Ecumenical Temple.
  4781 | D:5      | Found a transporter.
  4781 | D:5      | Noticed qw's ghost (weakling GrDe)
  4786 | D:5      | Found a transporter.
  4802 | D:5      | Identified the +8 short sword of Leysodgh {speed, Int+3}
  4839 | D:5      | Noticed Sigmund
  4841 | D:5      | 4841 ||| Stepping ~*~*~tactically~*~*~ (hiding).
  4844 | D:5      | 4844 ||| INVOKING Berserk.
  4848 | D:5      | Killed Sigmund
  4864 | D:5      | 4864 ||| Stepping ~*~*~tactically~*~*~ (stealth).
  5133 | D:5      | 5133 ||| UPGRADING to ring of see invisible.
  5134 | D:5      | 5134 ||| READING 4 scrolls labelled SIENWIULYT.
  5135 | D:5      | 5135 ||| READING scroll labelled KORRIO EPTEFA.
  5136 | D:5      | 5136 ||| READING scroll labelled AXAEG UHETZ.
  5137 | D:5      | 5137 ||| DRINKING 2 blue potions.
  5138 | D:5      | 5138 ||| READING 4 scrolls of identify.
  5138 | D:5      | 5138 ||| IDENTIFYING emerald potion
  5139 | D:5      | 5139 ||| READING 3 scrolls of identify.
  5139 | D:5      | 5139 ||| IDENTIFYING yellow potion
  5140 | D:5      | 5140 ||| DROPPING 3 scrolls of noise.
  5141 | D:5      | 5141 ||| DROPPING potion of degeneration.
  5142 | D:5      | 5142 ||| DROPPING potion of flight.
  5197 | D:6      | Found an opulent altar of Gozag.
  5214 | D:6      | 5214 ||| Stepping ~*~*~tactically~*~*~ (hiding).
  5220 | D:6      | 5220 ||| INVOKING Berserk.
  5226 | D:6      | Reached XP level 8. HP: 68/68 MP: 6/6
  5385 | D:6      | Reached skill level 6 in Fighting
  5444 | D:6      | 5444 ||| INVOKING Berserk.
  5512 | D:6      | 5512 ||| INVOKING Berserk.
  5555 | D:6      | 5555 ||| DROPPING +0 flail.
  5597 | D:6      | 5597 ||| Stepping ~*~*~tactically~*~*~ (stealth).
  5623 | D:6      | 5623 ||| Stepping ~*~*~tactically~*~*~ (stealth).
  5624 | D:6      | 5624 ||| Stepping ~*~*~tactically~*~*~ (stealth).
  5632 | D:6      | 5632 ||| Stepping ~*~*~tactically~*~*~ (stealth).
  5639 | D:6      | 5639 ||| FLEEEEING.
  5640 | D:6      | 5640 ||| FLEEEEING.
  5641 | D:6      | 5641 ||| FLEEEEING.
  5642 | D:6      | 5642 ||| FLEEEEING.
  5643 | D:6      | 5643 ||| FLEEEEING.
  5644 | D:6      | 5644 ||| FLEEEEING.
  5645 | D:6      | 5645 ||| FLEEEEING.
  5646 | D:6      | 5646 ||| FLEEEEING.
  5647 | D:6      | 5647 ||| INVOKING Berserk.
  5651 | D:6      | Reached skill level 12 in Axes
  5651 | D:6      | Reached XP level 9. HP: 78/78 MP: 7/7
  5651 | D:6      | 5651 ||| STAIRDANCE
  5764 | D:6      | 5764 ||| INVOKING Berserk.
  5923 | D:6      | 5923 ||| INVOKING Berserk.
  6149 | D:6      | Found a broken altar of Ashenzari.
  6154 | D:6      | Found a shimmering blue altar of Sif Muna.
  6154 | D:6      | Found a shimmering altar of Xom.
  6167 | D:6      | Found a sacrificial altar of Ru.
  6170 | D:6      | Found a radiant altar of Vehumet.
  6185 | D:6      | 6185 ||| INVOKING Berserk.
  6368 | D:6      | Identified the +1 ring mail "Paluafao" {rPois rC- Regen+
                  | rCorr}
  6578 | D:6      | 6578 ||| READING scroll labelled OKIOMMU SUECA.
  6579 | D:6      | 6579 ||| READING scroll labelled MOMIACAZACK.
  6697 | D:7      | 6697 ||| Stepping ~*~*~tactically~*~*~ (hiding).
  6703 | D:7      | 6703 ||| INVOKING Berserk.
  6795 | D:7      | Noticed Maggie
  6806 | D:7      | Killed Maggie
  6902 | D:7      | Found an ancient bone altar of Kikubaaqudgha.
  6987 | D:7      | Reached **** piety under Trog
  7113 | D:7      | 7113 ||| READING scroll of enchant weapon.
  7113 | D:7      | 7113 ||| ENCHANTING +1 war axe.
  7139 | D:7      | Found a runed translucent door.
  7140 | D:7      | Noticed Crazy Yiuf
  7270 | D:7      | 7270 ||| INVOKING Berserk.
  7292 | D:7      | 7292 ||| Stepping ~*~*~tactically~*~*~ (stealth).
  7370 | D:7      | 7370 ||| Stepping ~*~*~tactically~*~*~ (stealth).
  7371 | D:7      | 7371 ||| Stepping ~*~*~tactically~*~*~ (stealth).
  7372 | D:7      | 7372 ||| Stepping ~*~*~tactically~*~*~ (stealth).
  7373 | D:7      | 7373 ||| Stepping ~*~*~tactically~*~*~ (hiding).
  7376 | D:7      | 7376 ||| INVOKING Berserk.
  7381 | D:7      | Reached skill level 3 in Dodging
  7381 | D:7      | Noticed Joseph
  7395 | D:7      | HP: 17/81 [Joseph/+0 quarterstaff (15)]
  7395 | D:7      | HP: 5/81 [Joseph/+0 quarterstaff (12)]
  7396 | D:7      | 7396 ||| READING 4 scrolls of teleportation.
  7396 | D:7      | HP: 1/81 [Joseph/+0 quarterstaff (4)]
  7397 | D:7      | 7397 ||| DRINKING 4 potions of heal wounds.
  7409 | D:7      | HP: 20/81 [orc/+0 dagger (2)]
  7410 | D:7      | 7410 ||| READING 3 scrolls of teleportation.
  7411 | D:7      | 7411 ||| DRINKING 3 potions of heal wounds.
  7691 | D:7      | Killed Joseph
  7692 | D:7      | 7692 ||| FLEEEEING.
  7693 | D:7      | 7693 ||| FLEEEEING.
  7694 | D:7      | 7694 ||| FLEEEEING.
  7698 | D:7      | 7698 ||| FLEEEEING.
  7699 | D:7      | 7699 ||| FLEEEEING.
  7700 | D:7      | 7700 ||| FLEEEEING.
  7701 | D:7      | 7701 ||| FLEEEEING.
  7702 | D:7      | 7702 ||| FLEEEEING.
  7703 | D:7      | 7703 ||| FLEEEEING.
  7704 | D:7      | 7704 ||| FLEEEEING.
  7715 | D:7      | 7715 ||| FLEEEEING.
  7716 | D:7      | 7716 ||| FLEEEEING.
  7717 | D:7      | 7717 ||| FLEEEEING.
  7718 | D:7      | 7718 ||| FLEEEEING.
  7723 | D:7      | 7723 ||| FLEEEEING.
  7724 | D:7      | 7724 ||| FLEEEEING.
  7725 | D:7      | 7725 ||| FLEEEEING.
  7726 | D:7      | 7726 ||| FLEEEEING.
  7727 | D:7      | 7727 ||| FLEEEEING.
  7728 | D:7      | 7728 ||| FLEEEEING.
  7729 | D:7      | 7729 ||| FLEEEEING.
  7730 | D:7      | 7730 ||| FLEEEEING.
  7731 | D:7      | 7731 ||| FLEEEEING.
  7732 | D:7      | 7732 ||| STAIRDANCE
  7828 | D:6      | 7828 ||| UPGRADING to scarf of repulsion.
  7833 | D:6      | 7833 ||| DROPPING +1 ring mail "Paluafao" {rPois rC- Regen+
                  | rCorr}.
  7834 | D:6      | 7834 ||| UPGRADING to +0 plate armour.
  7844 | D:6      | 7844 ||| DROPPING +0 chain mail.
  7845 | D:6      | 7845 ||| READING scroll of enchant armour.
  7845 | D:6      | 7845 ||| ENCHANTING +0 plate armour.
  7846 | D:6      | 7846 ||| READING scroll labelled GOKEXZ RUGE.
  7847 | D:6      | 7847 ||| READING scroll labelled JUHUKA UVUUR.
  7848 | D:6      | 7848 ||| READING 3 scrolls of identify.
  7848 | D:6      | 7848 ||| IDENTIFYING white potion
  7849 | D:6      | 7849 ||| DROPPING potion of berserk rage.
  7936 | D:7      | 7936 ||| Stepping ~*~*~tactically~*~*~ (hiding).
  7951 | D:7      | 7951 ||| Stepping ~*~*~tactically~*~*~ (stealth).
  7971 | D:7      | 7971 ||| Stepping ~*~*~tactically~*~*~ (cloud).
  7972 | D:7      | 7972 ||| INVOKING Berserk.
  8001 | D:7      | Reached XP level 10. HP: 35/88 MP: 8/8
  8007 | D:7      | 8007 ||| Stepping ~*~*~tactically~*~*~ (stealth).
  8019 | D:7      | 8019 ||| Stepping ~*~*~tactically~*~*~ (stealth).
  8022 | D:7      | 8022 ||| INVOKING Berserk.
  8282 | D:7      | Noticed qw's ghost (novice GrDe)
  8304 | D:7      | Found a runed translucent gate.
  8304 | D:7      | Found a runed translucent gate.
  8304 | D:7      | Found a runed translucent gate.
  8448 | D:8      | 8448 ||| Stepping ~*~*~tactically~*~*~ (hiding).
  8449 | D:8      | 8449 ||| Stepping ~*~*~tactically~*~*~ (hiding).
  8451 | D:8      | 8451 ||| Stepping ~*~*~tactically~*~*~ (hiding).
  8452 | D:8      | 8452 ||| Stepping ~*~*~tactically~*~*~ (hiding).
  8453 | D:8      | 8453 ||| INVOKING Berserk.
  8608 | D:8      | 8608 ||| DROPPING +1 vorpal war axe.
  8617 | D:8      | 8617 ||| INVOKING Berserk.
  8619 | D:8      | Reached skill level 6 in Armour
  8619 | D:8      | Found a viscous altar of Jiyva.
  8717 | D:8      | 8717 ||| Stepping ~*~*~tactically~*~*~ (stealth).
  8720 | D:8      | 8720 ||| Stepping ~*~*~tactically~*~*~ (stealth).
  8722 | D:8      | 8722 ||| Stepping ~*~*~tactically~*~*~ (stealth).
  8731 | D:8      | Noticed a two-headed ogre
  8736 | D:8      | 8736 ||| INVOKING Berserk.
  8739 | D:8      | Killed a two-headed ogre
  8740 | D:8      | Reached skill level 15 in Axes
  8964 | D:8      | 8964 ||| Stepping ~*~*~tactically~*~*~ (stealth).
  8998 | D:8      | 8998 ||| INVOKING Berserk.
  9108 | D:8      | 9108 ||| DROPPING +1 vorpal flail.
  9232 | D:8      | Found Ymungo Keumu's Tremendous Tomes.
  9305 | D:8      | 9305 ||| READING 4 scrolls of identify.
  9305 | D:8      | 9305 ||| IDENTIFYING fuming amethyst potion
  9306 | D:8      | 9306 ||| DROPPING potion of lignification.
  9322 | D:9      | 9322 ||| Stepping ~*~*~tactically~*~*~ (stealth).
  9333 | D:9      | Reached skill level 9 in Fighting
  9525 | D:9      | 9525 ||| READING scroll of enchant weapon.
  9525 | D:9      | 9525 ||| ENCHANTING +2 war axe.
  9549 | D:9      | 9549 ||| Stepping ~*~*~tactically~*~*~ (stealth).
  9551 | D:9      | 9551 ||| Stepping ~*~*~tactically~*~*~ (hiding).
  9562 | D:9      | Reached ***** piety under Trog
  9626 | D:9      | Noticed Grum
  9627 | D:9      | 9627 ||| INVOKING Brothers in Arms.
  9631 | D:9      | 9631 ||| INVOKING Berserk.
  9633 | D:9      | Killed Grum
  9758 | D:9      | Identified the +6 rapier of Dissolution {vorpal, rElec rF-
                  | Int+2}
  9773 | D:9      | 9773 ||| READING scroll of enchant armour.
  9773 | D:9      | 9773 ||| ENCHANTING +1 plate armour.
  9877 | D:9      | 9877 ||| Stepping ~*~*~tactically~*~*~ (hiding).
  9911 | D:9      | 9911 ||| READING 2 scrolls of enchant weapon.
  9911 | D:9      | 9911 ||| ENCHANTING +3 war axe.
  9912 | D:9      | 9912 ||| READING scroll of enchant weapon.
  9912 | D:9      | 9912 ||| ENCHANTING +4 war axe.
  9923 | D:9      | Found a white marble altar of Elyvilon.
 10033 | D:9      | Noticed a cyclops
 10039 | D:9      | 10039 ||| FLEEEEING.
 10044 | D:9      | 10044 ||| FLEEEEING.
 10046 | D:9      | 10046 ||| STAIRDANCE
 10120 | D:8      | 10120 ||| READING scroll labelled YZUEXA FEUZET.
 10121 | D:8      | 10121 ||| READING scroll labelled OTIEQOA GURI.
 10125 | D:9      | 10125 ||| INVOKING Berserk.
 10127 | D:9      | Killed a cyclops
 10128 | D:9      | Reached XP level 11. HP: 97/97 MP: 8/8
 10281 | D:9      | 10281 ||| INVOKING Berserk.
 10284 | D:9      | Reached skill level 6 in Shields
 10408 | D:9      | 10408 ||| INVOKING Berserk.
 10757 | D:10     | Entered Level 10 of the Dungeon
 10782 | D:10     | 10782 ||| INVOKING Berserk.
 10912 | D:10     | 10912 ||| INVOKING Berserk.
 11020 | D:10     | Found a staircase to the Orcish Mines.
 11106 | D:10     | Found a flagged portal.
 11210 | D:10     | Found Zoclese's Assorted Antiques.
 11261 | D:10     | 11261 ||| BUYING dented bronze amulet (160 gold).
 11261 | D:10     | Bought a dented bronze amulet for 160 gold pieces
 11261 | D:10     | 11261 ||| BUYING potion of curing (96 gold).
 11261 | D:10     | Bought a potion of curing for 96 gold pieces
 11261 | D:10     | 11261 ||| BUYING potion of heal wounds (160 gold).
 11261 | D:10     | Bought a potion of heal wounds for 160 gold pieces
 11261 | D:10     | 11261 ||| SHOPLISTING potion of mutation (256 gold, have
                  | 73).
 11261 | D:10     | 11261 ||| BUYING scroll labelled LUASKEH CISYOG (32 gold).
 11261 | D:10     | Bought a scroll labelled LUASKEH CISYOG for 32 gold pieces
 11282 | D:10     | Noticed a two-headed ogre
 11287 | D:10     | 11287 ||| INVOKING Berserk.
 11290 | D:10     | Killed a two-headed ogre
 11465 | D:10     | Found a staircase to the Lair.
 11635 | D:10     | Found a basalt altar of Yredelemnul.
 11732 | D:10     | 11732 ||| PLANNING LAIR
 11732 | D:10     | 11732 ||| DROPPING amulet of faith.
 11733 | D:10     | 11733 ||| READING scroll labelled LUASKEH CISYOG.
 11764 | Lair:1   | Entered Level 1 of the Lair of Beasts
 11783 | Lair:1   | 11783 ||| INVOKING Berserk.
 11935 | Lair:1   | 11935 ||| INVOKING Berserk.
 12056 | Lair:1   | 12056 ||| Stepping ~*~*~tactically~*~*~ (stealth).
 12057 | Lair:1   | 12057 ||| Stepping ~*~*~tactically~*~*~ (stealth).
 12061 | Lair:1   | 12061 ||| INVOKING Berserk.
 12087 | Lair:1   | 12087 ||| INVOKING Brothers in Arms.
 12093 | Lair:1   | 12093 ||| INVOKING Brothers in Arms.
 12170 | Lair:1   | Identified the +1 pair of gloves of the Archfiend {rElec
                  | rC+}
 12465 | Lair:1   | 12465 ||| Stepping ~*~*~tactically~*~*~ (stealth).
 12481 | Lair:1   | Reached skill level 9 in Armour
 12525 | Lair:1   | 12525 ||| INVOKING Berserk.
 12890 | Lair:1   | 12890 ||| UPGRADING to +1 pair of gloves of the Archfiend
                  | {rElec rC+}.
 12895 | Lair:1   | 12895 ||| READING 6 scrolls of identify.
 12895 | Lair:1   | 12895 ||| IDENTIFYING viscous black potion
 12939 | Lair:2   | 12939 ||| READING scroll of enchant armour.
 12939 | Lair:2   | 12939 ||| ENCHANTING +2 plate armour.
 12958 | Lair:2   | 12958 ||| Stepping ~*~*~tactically~*~*~ (stealth).
 13019 | Lair:2   | Found a staircase to the Snake Pit.
 13031 | Lair:2   | Noticed an eight-headed hydra
 13032 | Lair:2   | 13032 ||| INVOKING Brothers in Arms.
 13033 | Lair:2   | 13033 ||| INVOKING Brothers in Arms.
 13035 | Lair:2   | 13035 ||| SWAPPING to +1 hand axe of flaming.
 13036 | Lair:2   | 13036 ||| INVOKING Berserk.
 13036 | Lair:2   | Killed an eight-headed hydra
 13037 | Lair:2   | Reached skill level 12 in Fighting
 13041 | Lair:2   | 13041 ||| SWAPPING to +5 spectral war axe.
 13153 | Lair:2   | 13153 ||| Stepping ~*~*~tactically~*~*~ (stealth).
 13227 | Lair:2   | Found the +7 captain's cutlass {speed, disarm}
 13243 | Lair:2   | Found a staircase to the Shoals.
 13296 | Lair:2   | 13296 ||| INVOKING Berserk.
 13299 | Lair:2   | Reached XP level 12. HP: 112/112 MP: 9/9
 13573 | Lair:2   | Found a radiant altar of Vehumet.
 13580 | Lair:2   | 13580 ||| READING scroll of enchant armour.
 13580 | Lair:2   | 13580 ||| ENCHANTING +3 plate armour.
 13618 | Lair:2   | 13618 ||| Stepping ~*~*~tactically~*~*~ (stealth).
 14102 | Lair:2   | 14102 ||| DROPPING ring of ice.
 14156 | Lair:3   | 14156 ||| STAIRDANCE
 14399 | Lair:3   | 14399 ||| INVOKING Berserk.
 14581 | Lair:3   | Noticed a death yak
 14581 | Lair:3   | Noticed a death yak
 14582 | Lair:3   | 14582 ||| INVOKING Brothers in Arms.
 14583 | Lair:3   | Noticed a death yak
 14585 | Lair:3   | 14585 ||| INVOKING Berserk.
 14591 | Lair:3   | Killed a death yak
 14593 | Lair:3   | Killed a death yak
 14593 | Lair:3   | Killed a death yak
 14594 | Lair:3   | Reached skill level 9 in Shields
 14594 | Lair:3   | Noticed a catoblepas
 14611 | Lair:3   | Killed a catoblepas
 14786 | Lair:3   | Noticed a seven-headed hydra
 14787 | Lair:3   | 14787 ||| INVOKING Brothers in Arms.
 14791 | Lair:3   | 14791 ||| SWAPPING to +1 hand axe of flaming.
 14793 | Lair:3   | 14793 ||| INVOKING Berserk.
 14794 | Lair:3   | Killed a six-headed hydra
 14798 | Lair:3   | 14798 ||| SWAPPING to +5 spectral war axe.
 14807 | Lair:3   | 14807 ||| FLEEEEING.
 14808 | Lair:3   | 14808 ||| STAIRDANCE
 14921 | Lair:3   | Reached skill level 6 in Dodging
 14943 | Lair:3   | 14943 ||| Stepping ~*~*~tactically~*~*~ (stealth).
 14961 | Lair:3   | 14961 ||| Stepping ~*~*~tactically~*~*~ (stealth).
 14963 | Lair:3   | 14963 ||| Stepping ~*~*~tactically~*~*~ (stealth).
 14970 | Lair:3   | 14970 ||| Stepping ~*~*~tactically~*~*~ (stealth).
 14978 | Lair:3   | 14978 ||| Stepping ~*~*~tactically~*~*~ (stealth).
 14994 | Lair:3   | Reached skill level 12 in Armour
 15033 | Lair:3   | 15033 ||| INVOKING Berserk.
 15035 | Lair:3   | Reached XP level 13. HP: 124/124 MP: 10/10
 15196 | Lair:3   | Identified the +2 pair of boots of the Wasteland {rPois
                  | Regen+ Int-3 Dex+4}
 15520 | Lair:3   | 15520 ||| Stepping ~*~*~tactically~*~*~ (hiding).
 15863 | Lair:3   | 15863 ||| UPGRADING to +2 pair of boots of the Wasteland
                  | {rPois Regen+ Int-3 Dex+4}.
 15868 | Lair:3   | 15868 ||| REMOVING ring of poison resistance.
 15869 | Lair:3   | 15869 ||| UPGRADING to +4 ring of slaying {mikee}.
 15905 | Lair:4   | 15905 ||| INVOKING Brothers in Arms.
 15908 | Lair:4   | 15908 ||| SWAPPING to +1 hand axe of flaming.
 15909 | Lair:4   | 15909 ||| INVOKING Berserk.
 15915 | Lair:4   | 15915 ||| SWAPPING to +5 spectral war axe.
 16070 | Lair:4   | 16070 ||| INVOKING Brothers in Arms.
 16075 | Lair:4   | 16075 ||| SWAPPING to +1 hand axe of flaming.
 16076 | Lair:4   | 16076 ||| FLEEEEING.
 16078 | Lair:4   | 16078 ||| INVOKING Berserk.
 16097 | Lair:4   | 16097 ||| SWAPPING to +5 spectral war axe.
 16118 | Lair:4   | 16118 ||| INVOKING Brothers in Arms.
 16119 | Lair:4   | 16119 ||| FLEEEEING.
 16120 | Lair:4   | 16120 ||| FLEEEEING.
 16121 | Lair:4   | 16121 ||| FLEEEEING.
 16122 | Lair:4   | 16122 ||| FLEEEEING.
 16123 | Lair:4   | 16123 ||| FLEEEEING.
 16124 | Lair:4   | 16124 ||| FLEEEEING.
 16125 | Lair:4   | 16125 ||| FLEEEEING.
 16126 | Lair:4   | 16126 ||| FLEEEEING.
 16130 | Lair:4   | 16130 ||| INVOKING Brothers in Arms.
 16131 | Lair:4   | 16131 ||| INVOKING Brothers in Arms.
 16132 | Lair:4   | 16132 ||| SWAPPING to +1 hand axe of flaming.
 16133 | Lair:4   | 16133 ||| INVOKING Berserk.
 16143 | Lair:4   | 16143 ||| SWAPPING to +5 spectral war axe.
 16296 | Lair:4   | Found a staircase to the Slime Pits.
 16336 | Lair:4   | 16336 ||| READING scroll of enchant armour.
 16336 | Lair:4   | 16336 ||| ENCHANTING +4 plate armour.
 16375 | Lair:4   | 16375 ||| INVOKING Berserk.
 16439 | Lair:4   | Reached skill level 3 in Throwing
 16459 | Lair:4   | 16459 ||| Stepping ~*~*~tactically~*~*~ (stealth).
 16465 | Lair:4   | 16465 ||| INVOKING Berserk.
 16602 | Lair:4   | Reached skill level 15 in Fighting
 16807 | Lair:4   | 16807 ||| Stepping ~*~*~tactically~*~*~ (stealth).
 16809 | Lair:4   | 16809 ||| Stepping ~*~*~tactically~*~*~ (stealth).
 16811 | Lair:4   | 16811 ||| Stepping ~*~*~tactically~*~*~ (stealth).
 16812 | Lair:4   | 16812 ||| Stepping ~*~*~tactically~*~*~ (stealth).
 16944 | Lair:4   | 16944 ||| INVOKING Berserk.
 17075 | Lair:4   | 17075 ||| INVOKING Berserk.
 17091 | Lair:4   | 17091 ||| Stepping ~*~*~tactically~*~*~ (hiding).
 17204 | Lair:4   | 17204 ||| INVOKING Berserk.
 17474 | Lair:4   | 17474 ||| READING 9 scrolls of identify.
 17474 | Lair:4   | 17474 ||| IDENTIFYING fuming puce potion
 17501 | Lair:5   | Entered Level 5 of the Lair of Beasts
 17505 | Lair:5   | 17505 ||| INVOKING Berserk.
 17669 | Lair:5   | 17669 ||| INVOKING Berserk.
 17696 | Lair:5   | 17696 ||| Stepping ~*~*~tactically~*~*~ (stealth).
 17707 | Lair:5   | 17707 ||| Stepping ~*~*~tactically~*~*~ (stealth).
 17708 | Lair:5   | 17708 ||| Stepping ~*~*~tactically~*~*~ (stealth).
 17720 | Lair:5   | 17720 ||| Stepping ~*~*~tactically~*~*~ (stealth).
 17723 | Lair:5   | 17723 ||| INVOKING Berserk.
 17744 | Lair:5   | 17744 ||| Stepping ~*~*~tactically~*~*~ (stealth).
 17771 | Lair:5   | 17771 ||| FLEEEEING.
 17772 | Lair:5   | 17772 ||| FLEEEEING.
 17773 | Lair:5   | 17773 ||| FLEEEEING.
 17774 | Lair:5   | 17774 ||| FLEEEEING.
 17775 | Lair:5   | 17775 ||| FLEEEEING.
 17777 | Lair:5   | 17777 ||| FLEEEEING.
 17781 | Lair:5   | 17781 ||| Stepping ~*~*~tactically~*~*~ (stealth).
 17784 | Lair:5   | 17784 ||| INVOKING Berserk.
 17824 | Lair:5   | 17824 ||| FLEEEEING.
 17825 | Lair:5   | 17825 ||| FLEEEEING.
 17826 | Lair:5   | 17826 ||| FLEEEEING.
 17832 | Lair:5   | 17832 ||| FLEEEEING.
 17833 | Lair:5   | 17833 ||| FLEEEEING.
 17834 | Lair:5   | 17834 ||| FLEEEEING.
 17835 | Lair:5   | 17835 ||| FLEEEEING.
 17836 | Lair:5   | 17836 ||| FLEEEEING.
 17837 | Lair:5   | 17837 ||| FLEEEEING.
 17838 | Lair:5   | 17838 ||| FLEEEEING.
 17839 | Lair:5   | 17839 ||| FLEEEEING.
 17840 | Lair:5   | 17840 ||| FLEEEEING.
 17842 | Lair:5   | 17842 ||| INVOKING Berserk.
 17869 | Lair:5   | 17869 ||| Stepping ~*~*~tactically~*~*~ (stealth).
 17870 | Lair:5   | 17870 ||| Stepping ~*~*~tactically~*~*~ (stealth).
 17873 | Lair:5   | 17873 ||| INVOKING Brothers in Arms.
 17874 | Lair:5   | 17874 ||| INVOKING Brothers in Arms.
 17875 | Lair:5   | 17875 ||| INVOKING Brothers in Arms.
 17876 | Lair:5   | 17876 ||| INVOKING Brothers in Arms.
 17877 | Lair:5   | 17877 ||| SWAPPING to +1 hand axe of flaming.
 17881 | Lair:5   | 17881 ||| SWAPPING to +5 spectral war axe.
 17942 | Lair:5   | 17942 ||| Stepping ~*~*~tactically~*~*~ (stealth).
 17949 | Lair:5   | Reached XP level 14. HP: 137/137 MP: 11/11
 17956 | Lair:5   | 17956 ||| Stepping ~*~*~tactically~*~*~ (stealth).
 17962 | Lair:5   | 17962 ||| Stepping ~*~*~tactically~*~*~ (stealth).
 18020 | Lair:5   | 18020 ||| READING scroll of enchant armour.
 18020 | Lair:5   | 18020 ||| ENCHANTING +5 plate armour.
 18052 | Lair:5   | 18052 ||| Stepping ~*~*~tactically~*~*~ (stealth).
 18057 | Lair:5   | 18057 ||| Stepping ~*~*~tactically~*~*~ (stealth).
 18067 | Lair:5   | 18067 ||| INVOKING Berserk.
 18338 | Lair:5   | 18338 ||| Stepping ~*~*~tactically~*~*~ (stealth).
 18339 | Lair:5   | 18339 ||| INVOKING Brothers in Arms.
 18344 | Lair:5   | 18344 ||| INVOKING Brothers in Arms.
 18345 | Lair:5   | 18345 ||| INVOKING Brothers in Arms.
 18346 | Lair:5   | 18346 ||| INVOKING Brothers in Arms.
 18347 | Lair:5   | 18347 ||| SWAPPING to +1 hand axe of flaming.
 18348 | Lair:5   | 18348 ||| INVOKING Berserk.
 18354 | Lair:5   | Reached skill level 9 in Dodging
 18359 | Lair:5   | 18359 ||| SWAPPING to +5 spectral war axe.
 18482 | Lair:5   | 18482 ||| Stepping ~*~*~tactically~*~*~ (stealth).
 18551 | Lair:5   | 18551 ||| Stepping ~*~*~tactically~*~*~ (stealth).
 18601 | Lair:5   | 18601 ||| INVOKING Berserk.
 18814 | Lair:5   | 18814 ||| Stepping ~*~*~tactically~*~*~ (stealth).
 18815 | Lair:5   | 18815 ||| Stepping ~*~*~tactically~*~*~ (stealth).
 18816 | Lair:5   | 18816 ||| Stepping ~*~*~tactically~*~*~ (stealth).
 18817 | Lair:5   | 18817 ||| INVOKING Berserk.
 18962 | Lair:5   | 18962 ||| DROPPING +1 hand axe of flaming.
 19356 | Lair:5   | 19356 ||| Stepping ~*~*~tactically~*~*~ (hiding).
 19357 | Lair:5   | 19357 ||| INVOKING Berserk.
 19562 | Lair:5   | 19562 ||| PLANNING D:1-11
 19562 | Lair:5   | 19562 ||| READING 11 scrolls of identify.
 19562 | Lair:5   | 19562 ||| IDENTIFYING puce potion
 19704 | D:11     | 19704 ||| Stepping ~*~*~tactically~*~*~ (stealth).
 19711 | D:11     | Reached skill level 15 in Armour
 19712 | D:11     | Noticed Maurice
 19720 | D:11     | Killed Maurice
 19732 | D:11     | 19732 ||| Stepping ~*~*~tactically~*~*~ (hiding).
 20043 | D:11     | 20043 ||| FLEEEEING.
 20044 | D:11     | 20044 ||| FLEEEEING.
 20045 | D:11     | 20045 ||| FLEEEEING.
 20046 | D:11     | 20046 ||| FLEEEEING.
 20047 | D:11     | 20047 ||| FLEEEEING.
 20048 | D:11     | 20048 ||| FLEEEEING.
 20049 | D:11     | 20049 ||| FLEEEEING.
 20050 | D:11     | 20050 ||| FLEEEEING.
 20055 | D:11     | 20055 ||| FLEEEEING.
 20056 | D:11     | 20056 ||| FLEEEEING.
 20057 | D:11     | 20057 ||| FLEEEEING.
 20058 | D:11     | 20058 ||| FLEEEEING.
 20062 | D:11     | 20062 ||| Stepping ~*~*~tactically~*~*~ (hiding).
 20223 | D:11     | 20223 ||| Stepping ~*~*~tactically~*~*~ (stealth).
 20225 | D:11     | 20225 ||| Stepping ~*~*~tactically~*~*~ (stealth).
 20227 | D:11     | 20227 ||| Stepping ~*~*~tactically~*~*~ (stealth).
 20394 | D:11     | 20394 ||| INVOKING Berserk.
 20526 | D:11     | Noticed Fannar
 20535 | D:11     | Killed Fannar
 20549 | D:11     | 20549 ||| READING scroll of enchant weapon.
 20549 | D:11     | 20549 ||| ENCHANTING +5 spectral war axe.
 20645 | D:11     | 20645 ||| PLANNING D
 20645 | D:11     | 20645 ||| DRINKING 3 glowing grey potions.
 20646 | D:11     | 20646 ||| DROPPING 2 potions of attraction.
 20688 | D:12     | Reached skill level 18 in Fighting
 20698 | D:12     | 20698 ||| READING scroll of enchant weapon.
 20698 | D:12     | 20698 ||| ENCHANTING +6 spectral war axe.
 20702 | D:12     | 20702 ||| Stepping ~*~*~tactically~*~*~ (stealth).
 20708 | D:12     | 20708 ||| Stepping ~*~*~tactically~*~*~ (hiding).
 20719 | D:12     | 20719 ||| Stepping ~*~*~tactically~*~*~ (hiding).
 20726 | D:12     | 20726 ||| Stepping ~*~*~tactically~*~*~ (stealth).
 20802 | D:12     | 20802 ||| Stepping ~*~*~tactically~*~*~ (hiding).
 20961 | D:12     | 20961 ||| READING scroll of enchant armour.
 20961 | D:12     | 20961 ||| ENCHANTING +6 plate armour.
 21023 | D:12     | 21023 ||| Stepping ~*~*~tactically~*~*~ (hiding).
 21039 | D:12     | 21039 ||| Stepping ~*~*~tactically~*~*~ (stealth).
 21040 | D:12     | 21040 ||| Stepping ~*~*~tactically~*~*~ (stealth).
 21127 | D:12     | Identified the +4 flail "Tadiwn" {freeze, rF+ rCorr Str+4
                  | Dex+4}
 21149 | D:12     | 21149 ||| Stepping ~*~*~tactically~*~*~ (hiding).
 21515 | D:12     | 21515 ||| DROPPING +6 ring of strength.
 21516 | D:12     | 21516 ||| READING 12 scrolls of identify.
 21516 | D:12     | 21516 ||| IDENTIFYING coppery potion
 21517 | D:12     | 21517 ||| DROPPING potion of magic.
 21665 | D:13     | 21665 ||| INVOKING Brothers in Arms.
 21666 | D:13     | 21666 ||| INVOKING Berserk.
 21842 | D:13     | 21842 ||| Stepping ~*~*~tactically~*~*~ (stealth).
 22045 | D:13     | Reached XP level 15. HP: 149/149 MP: 12/12
 22162 | D:13     | 22162 ||| Stepping ~*~*~tactically~*~*~ (hiding).
 22372 | D:14     | 22372 ||| STAIRDANCE
 22399 | D:14     | 22399 ||| STAIRDANCE
 22420 | D:14     | 22420 ||| STAIRDANCE
 22429 | D:14     | 22429 ||| STAIRDANCE
 22439 | D:14     | 22439 ||| INVOKING Berserk.
 22573 | D:14     | 22573 ||| Stepping ~*~*~tactically~*~*~ (hiding).
 22575 | D:14     | 22575 ||| Stepping ~*~*~tactically~*~*~ (hiding).
 22576 | D:14     | 22576 ||| Stepping ~*~*~tactically~*~*~ (hiding).
 22694 | D:14     | 22694 ||| Stepping ~*~*~tactically~*~*~ (stealth).
 22750 | D:14     | 22750 ||| Stepping ~*~*~tactically~*~*~ (hiding).
 22751 | D:14     | 22751 ||| Stepping ~*~*~tactically~*~*~ (hiding).
 22783 | D:14     | Identified the +8 hand axe "Goumusoz" {freeze, rElec}
 22784 | D:14     | 22784 ||| Stepping ~*~*~tactically~*~*~ (hiding).
 22800 | D:14     | 22800 ||| FLEEEEING.
 22801 | D:14     | 22801 ||| FLEEEEING.
 22802 | D:14     | 22802 ||| FLEEEEING.
 22803 | D:14     | 22803 ||| FLEEEEING.
 22804 | D:14     | 22804 ||| FLEEEEING.
 22805 | D:14     | 22805 ||| FLEEEEING.
 22806 | D:14     | 22806 ||| FLEEEEING.
 22807 | D:14     | 22807 ||| FLEEEEING.
 22812 | D:14     | 22812 ||| FLEEEEING.
 22813 | D:14     | 22813 ||| FLEEEEING.
 22814 | D:14     | 22814 ||| FLEEEEING.
 22815 | D:14     | 22815 ||| FLEEEEING.
 22816 | D:14     | 22816 ||| FLEEEEING.
 22817 | D:14     | 22817 ||| FLEEEEING.
 22818 | D:14     | 22818 ||| FLEEEEING.
 22819 | D:14     | 22819 ||| STAIRDANCE
 22884 | D:14     | 22884 ||| Stepping ~*~*~tactically~*~*~ (hiding).
 22887 | D:14     | 22887 ||| Stepping ~*~*~tactically~*~*~ (hiding).
 23007 | D:14     | 23007 ||| INVOKING Trog's Hand.
 23009 | D:14     | 23009 ||| INVOKING Brothers in Arms.
 23012 | D:14     | 23012 ||| INVOKING Berserk.
 23136 | D:14     | Found a gate to the Vaults.
 23144 | D:14     | 23144 ||| READING scroll of enchant armour.
 23144 | D:14     | 23144 ||| ENCHANTING +7 plate armour.
 23399 | D:14     | 23399 ||| FLEEEEING.
 23462 | D:14     | 23462 ||| Stepping ~*~*~tactically~*~*~ (hiding).
 23467 | D:14     | 23467 ||| INVOKING Berserk.
 23686 | D:14     | 23686 ||| READING 13 scrolls of identify.
 23686 | D:14     | 23686 ||| IDENTIFYING sedimented puce potion
 23687 | D:14     | 23687 ||| DROPPING potion of invisibility.
 23713 | D:15     | Entered Level 15 of the Dungeon
 23714 | D:15     | Noticed a fire giant
 23715 | D:15     | 23715 ||| Stepping ~*~*~tactically~*~*~ (stealth).
 23715 | D:15     | Found a staircase to the Depths.
 23716 | D:15     | 23716 ||| Stepping ~*~*~tactically~*~*~ (stealth).
 23719 | D:15     | 23719 ||| Stepping ~*~*~tactically~*~*~ (stealth).
 23729 | D:15     | 23729 ||| Stepping ~*~*~tactically~*~*~ (hiding).
 23730 | D:15     | 23730 ||| Stepping ~*~*~tactically~*~*~ (hiding).
 23777 | D:15     | 23777 ||| Stepping ~*~*~tactically~*~*~ (stealth).
 23778 | D:15     | 23778 ||| INVOKING Trog's Hand.
 23780 | D:15     | 23780 ||| INVOKING Berserk.
 23900 | D:15     | 23900 ||| INVOKING Brothers in Arms.
 23903 | D:15     | 23903 ||| INVOKING Berserk.
 23906 | D:15     | Killed a fire giant
 23916 | D:15     | 23916 ||| INVOKING Trog's Hand.
 23926 | D:15     | 23926 ||| INVOKING Brothers in Arms.
 23927 | D:15     | 23927 ||| INVOKING Brothers in Arms.
 23930 | D:15     | Reached skill level 12 in Shields
 24070 | D:15     | 24070 ||| Stepping ~*~*~tactically~*~*~ (hiding).
 24234 | D:15     | 24234 ||| Stepping ~*~*~tactically~*~*~ (hiding).
 24267 | D:15     | Found a frozen archway.
 24566 | D:15     | 24566 ||| PLANNING ORC
 24667 | Orc:1    | Entered Level 1 of the Orcish Mines
 24737 | Orc:2    | Entered Level 2 of the Orcish Mines
 24750 | Orc:2    | 24750 ||| INVOKING Trog's Hand.
 24754 | Orc:2    | 24754 ||| INVOKING Berserk.
 24874 | Orc:2    | 24874 ||| INVOKING Trog's Hand.
 24875 | Orc:2    | Found Geej's General Store.
 24880 | Orc:2    | 24880 ||| INVOKING Berserk.
 25010 | Orc:2    | 25010 ||| BUYING potion of heal wounds (75 gold).
 25010 | Orc:2    | Bought a potion of heal wounds for 75 gold pieces
 25010 | Orc:2    | 25010 ||| BUYING wand of digging (5) (315 gold).
 25010 | Orc:2    | Bought a wand of digging (5) for 315 gold pieces
 25052 | Orc:2    | 25052 ||| Stepping ~*~*~tactically~*~*~ (stealth).
 25063 | Orc:2    | 25063 ||| Stepping ~*~*~tactically~*~*~ (stealth).
 25192 | Orc:2    | Found a staircase to the Elven Halls.
 25328 | Orc:2    | 25328 ||| Stepping ~*~*~tactically~*~*~ (hiding).
 25334 | Orc:2    | 25334 ||| INVOKING Berserk.
 25336 | Orc:2    | Found Qigu Pyn's Book Shop.
 25357 | Orc:2    | 25357 ||| INVOKING Trog's Hand.
 25358 | Orc:2    | 25358 ||| INVOKING Brothers in Arms.
 25359 | Orc:2    | HP: 33/152 [orc knight/+0 broad axe (18)]
 25359 | Orc:2    | HP: 11/152 [orc knight/+1 glaive (11)]
 25360 | Orc:2    | 25360 ||| READING 12 scrolls of teleportation.
 25360 | Orc:2    | HP: 1/152 [orc sorcerer/+0 dagger (5)]
 25361 | Orc:2    | 25361 ||| DRINKING 5 potions of heal wounds.
 25424 | Orc:2    | 25424 ||| FLEEEEING.
 25425 | Orc:2    | 25425 ||| FLEEEEING.
 25426 | Orc:2    | 25426 ||| FLEEEEING.
 25427 | Orc:2    | 25427 ||| FLEEEEING.
 25428 | Orc:2    | 25428 ||| FLEEEEING.
 25503 | Orc:2    | 25503 ||| INVOKING Berserk.
 25512 | Orc:2    | 25512 ||| INVOKING Brothers in Arms.
 25515 | Orc:2    | Reached XP level 16. HP: 161/161 MP: 13/13
 25638 | Orc:2    | 25638 ||| INVOKING Trog's Hand.
 25639 | Orc:2    | 25639 ||| INVOKING Berserk.
 25678 | Orc:2    | Lost intelligence.
 25682 | Orc:2    | 25682 ||| DRINKING potion of cancellation.
 25684 | Orc:2    | Found Baosobucwy's Magic Scroll Shop.
 25687 | Orc:2    | 25687 ||| INVOKING Brothers in Arms.
 25688 | Orc:2    | 25688 ||| INVOKING Brothers in Arms.
 25707 | Orc:2    | Found Zaythrawn's General Store.
 25719 | Orc:2    | Found Woankec's Antique Armour Emporium.
 25734 | Orc:2    | 25734 ||| BUYING potion of cancellation (120 gold).
 25734 | Orc:2    | Bought a potion of cancellation for 120 gold pieces
 25734 | Orc:2    | 25734 ||| BUYING potion of curing (45 gold).
 25734 | Orc:2    | Bought a potion of curing for 45 gold pieces
 25734 | Orc:2    | 25734 ||| BUYING scroll of teleportation (45 gold).
 25734 | Orc:2    | Bought a scroll of teleportation for 45 gold pieces
 25737 | Orc:2    | 25737 ||| BUYING scroll of teleportation (42 gold).
 25737 | Orc:2    | Bought a scroll of teleportation for 42 gold pieces
 25751 | Orc:2    | 25751 ||| REMOVING +2 pair of boots of the Wasteland {rPois
                  | Regen+ Int-3 Dex+4}.
 25756 | Orc:2    | 25756 ||| UPGRADING to ring of poison resistance.
 25789 | Orc:1    | 25789 ||| Stepping ~*~*~tactically~*~*~ (hiding).
 26176 | Orc:1    | 26176 ||| INVOKING Trog's Hand.
 26180 | Orc:1    | 26180 ||| INVOKING Berserk.
 26210 | Orc:1    | 26210 ||| Stepping ~*~*~tactically~*~*~ (hiding).
 26213 | Orc:1    | 26213 ||| INVOKING Brothers in Arms.
 26416 | Orc:1    | 26416 ||| PLANNING SHOALS:1-3
 26416 | Orc:1    | 26416 ||| UPGRADING to +0 tower shield.
 26426 | Orc:1    | 26426 ||| DROPPING +2 buckler "Soreppat" {Str+6 Stlth+}.
 26563 | Shoals:1 | Entered Level 1 of the Shoals
 26666 | Shoals:1 | 26666 ||| Stepping ~*~*~tactically~*~*~ (hiding).
 26667 | Shoals:1 | 26667 ||| Stepping ~*~*~tactically~*~*~ (hiding).
 26679 | Shoals:1 | 26679 ||| Stepping ~*~*~tactically~*~*~ (stealth).
 26680 | Shoals:1 | 26680 ||| Stepping ~*~*~tactically~*~*~ (stealth).
 26739 | Shoals:1 | 26739 ||| INVOKING Berserk.
 26755 | Shoals:1 | 26755 ||| Stepping ~*~*~tactically~*~*~ (water).
 26981 | Shoals:1 | 26981 ||| INVOKING Berserk.
 27171 | Shoals:1 | 27171 ||| Stepping ~*~*~tactically~*~*~ (hiding).
 27479 | Shoals:1 | 27479 ||| Stepping ~*~*~tactically~*~*~ (hiding).
 27481 | Shoals:1 | 27481 ||| Stepping ~*~*~tactically~*~*~ (hiding).
 27482 | Shoals:1 | 27482 ||| Stepping ~*~*~tactically~*~*~ (hiding).
 27485 | Shoals:1 | 27485 ||| INVOKING Trog's Hand.
 27487 | Shoals:1 | 27487 ||| INVOKING Berserk.
 27498 | Shoals:1 | Noticed Kirke
 27509 | Shoals:1 | 27509 ||| INVOKING Trog's Hand.
 27519 | Shoals:1 | 27519 ||| INVOKING Trog's Hand.
 27531 | Shoals:1 | 27531 ||| INVOKING Berserk.
 27532 | Shoals:1 | Noticed a sphinx
 27533 | Shoals:1 | Killed Kirke
 27899 | Shoals:1 | 27899 ||| UPGRADING to +2 pair of boots of the Wasteland
                  | {rPois Regen+ Int-3 Dex+4}.
 27904 | Shoals:1 | 27904 ||| REMOVING ring of poison resistance.
 27905 | Shoals:1 | 27905 ||| DROPPING ring of flight.
 27906 | Shoals:1 | 27906 ||| UPGRADING to +4 ring of evasion.
 27939 | Shoals:2 | 27939 ||| INVOKING Trog's Hand.
 27947 | Shoals:2 | 27947 ||| Stepping ~*~*~tactically~*~*~ (water).
 27981 | Shoals:2 | 27981 ||| INVOKING Trog's Hand.
 27982 | Shoals:2 | 27982 ||| Stepping ~*~*~tactically~*~*~ (water).
 27994 | Shoals:2 | 27994 ||| INVOKING Berserk.
 28001 | Shoals:2 | Reached skill level 15 in Shields
 28106 | Shoals:2 | 28106 ||| INVOKING Trog's Hand.
 28117 | Shoals:2 | 28117 ||| INVOKING Trog's Hand.
 28125 | Shoals:2 | 28125 ||| Stepping ~*~*~tactically~*~*~ (water).
 28129 | Shoals:2 | 28129 ||| Stepping ~*~*~tactically~*~*~ (water).
 28132 | Shoals:2 | 28132 ||| Stepping ~*~*~tactically~*~*~ (water).
 28136 | Shoals:2 | 28136 ||| INVOKING Berserk.
 28284 | Shoals:2 | 28284 ||| Stepping ~*~*~tactically~*~*~ (hiding).
 28348 | Shoals:2 | Found Gitzug's General Store.
 28356 | Shoals:2 | 28356 ||| BUYING scroll of teleportation (42 gold).
 28356 | Shoals:2 | Bought a scroll of teleportation for 42 gold pieces
 28428 | Shoals:2 | 28428 ||| INVOKING Berserk.
 28504 | Shoals:2 | 28504 ||| READING scroll of enchant armour.
 28504 | Shoals:2 | 28504 ||| ENCHANTING +8 plate armour.
 28557 | Shoals:2 | 28557 ||| Stepping ~*~*~tactically~*~*~ (stealth).
 28737 | Shoals:2 | Found Ofunwone's General Store.
 28762 | Shoals:2 | 28762 ||| BUYING potion of heal wounds (85 gold).
 28762 | Shoals:2 | Bought a potion of heal wounds for 85 gold pieces
 28762 | Shoals:2 | 28762 ||| BUYING scroll of teleportation (51 gold).
 28762 | Shoals:2 | Bought a scroll of teleportation for 51 gold pieces
 28797 | Shoals:2 | Found Asumur's Antique Weapon Shop.
 28880 | Shoals:3 | 28880 ||| Stepping ~*~*~tactically~*~*~ (hiding).
 28889 | Shoals:3 | 28889 ||| Stepping ~*~*~tactically~*~*~ (hiding).
 28951 | Shoals:3 | 28951 ||| Stepping ~*~*~tactically~*~*~ (water).
 28983 | Shoals:3 | 28983 ||| Stepping ~*~*~tactically~*~*~ (stealth).
 28993 | Shoals:3 | 28993 ||| Stepping ~*~*~tactically~*~*~ (stealth).
 29019 | Shoals:3 | 29019 ||| INVOKING Trog's Hand.
 29054 | Shoals:3 | Reached XP level 17. HP: 170/170 MP: 14/14
 29054 | Shoals:3 | Identified the +4 broad axe of Eziup {vorpal, Str+3 Int-2
                  | Dex+4} (Trog gifted it to you on level 3 of the Shoals)
 29054 | Shoals:3 | Received a gift from Trog
 29167 | Shoals:3 | Reached skill level 18 in Shields
 29233 | Shoals:3 | 29233 ||| INVOKING Brothers in Arms.
 29307 | Shoals:3 | 29307 ||| INVOKING Berserk.
 29510 | Shoals:3 | 29510 ||| INVOKING Trog's Hand.
 29511 | Shoals:3 | 29511 ||| INVOKING Brothers in Arms.
 29512 | Shoals:3 | 29512 ||| INVOKING Brothers in Arms.
 29516 | Shoals:3 | 29516 ||| Stepping ~*~*~tactically~*~*~ (water).
 29519 | Shoals:3 | 29519 ||| INVOKING Berserk.
 29760 | Shoals:3 | 29760 ||| PLANNING SNAKE:1-3
 29833 | Snake:1  | Entered Level 1 of the Snake Pit
 29841 | Snake:1  | 29841 ||| Stepping ~*~*~tactically~*~*~ (stealth).
 29846 | Snake:1  | 29846 ||| Stepping ~*~*~tactically~*~*~ (hiding).
 29848 | Snake:1  | 29848 ||| Stepping ~*~*~tactically~*~*~ (hiding).
 29902 | Snake:1  | Noticed Jorgrun
 29911 | Snake:1  | Killed Jorgrun
 29990 | Snake:1  | 29990 ||| Stepping ~*~*~tactically~*~*~ (water).
 30064 | Snake:1  | 30064 ||| Stepping ~*~*~tactically~*~*~ (hiding).
 30097 | Snake:1  | 30097 ||| Stepping ~*~*~tactically~*~*~ (hiding).
 30194 | Snake:1  | Identified the +7 great sword of Wail {holy, rElec rN+
                  | Str-3}
 30223 | Snake:1  | Found a large runed translucent door.
 30223 | Snake:1  | Found a large runed translucent door.
 30224 | Snake:1  | Found the ring of the Hare {EV+8}
 30225 | Snake:1  | Noticed Icun's ghost (journeyman GnWr)
 30261 | Snake:1  | 30261 ||| INVOKING Berserk.
 30523 | Snake:1  | 30523 ||| UPGRADING to +0 tower shield of protection.
 30533 | Snake:1  | 30533 ||| DROPPING +0 tower shield.
 30651 | Snake:2  | 30651 ||| Stepping ~*~*~tactically~*~*~ (hiding).
 30682 | Snake:2  | 30682 ||| READING scroll of enchant weapon.
 30682 | Snake:2  | 30682 ||| ENCHANTING +7 spectral war axe.
 30703 | Snake:2  | 30703 ||| Stepping ~*~*~tactically~*~*~ (hiding).
 30712 | Snake:2  | 30712 ||| Stepping ~*~*~tactically~*~*~ (stealth).
 30715 | Snake:2  | 30715 ||| Stepping ~*~*~tactically~*~*~ (hiding).
 30739 | Snake:2  | 30739 ||| Stepping ~*~*~tactically~*~*~ (stealth).
 30740 | Snake:2  | 30740 ||| Stepping ~*~*~tactically~*~*~ (stealth).
 30793 | Snake:2  | 30793 ||| Stepping ~*~*~tactically~*~*~ (hiding).
 30806 | Snake:2  | 30806 ||| Stepping ~*~*~tactically~*~*~ (stealth).
 30807 | Snake:2  | 30807 ||| Stepping ~*~*~tactically~*~*~ (stealth).
 30813 | Snake:2  | 30813 ||| Stepping ~*~*~tactically~*~*~ (stealth).
 30863 | Snake:2  | 30863 ||| READING scroll of enchant weapon.
 30863 | Snake:2  | 30863 ||| ENCHANTING +8 spectral war axe.
 30903 | Snake:2  | 30903 ||| Stepping ~*~*~tactically~*~*~ (stealth).
 30908 | Snake:2  | 30908 ||| INVOKING Berserk.
 31144 | Snake:2  | Found Yseqaolo's Distillery.
 31149 | Snake:2  | 31149 ||| BUYING potion of curing (57 gold).
 31149 | Snake:2  | Bought a potion of curing for 57 gold pieces
 31149 | Snake:2  | 31149 ||| BUYING potion of might (76 gold).
 31149 | Snake:2  | Bought a potion of might for 76 gold pieces
 31210 | Snake:2  | 31210 ||| INVOKING Berserk.
 31213 | Snake:2  | Received a gift from Trog
 31435 | Snake:2  | 31435 ||| Stepping ~*~*~tactically~*~*~ (stealth).
 31437 | Snake:2  | 31437 ||| Stepping ~*~*~tactically~*~*~ (hiding).
 31619 | Snake:3  | Noticed Bai Suzhen
 31620 | Snake:3  | 31620 ||| STAIRDANCE
 31622 | Snake:2  | 31622 ||| INVOKING Brothers in Arms.
 31623 | Snake:2  | 31623 ||| INVOKING Berserk.
 31626 | Snake:2  | Killed Bai Suzhen
 31627 | Snake:2  | Reached skill level 18 in Armour
 31817 | Snake:3  | 31817 ||| Stepping ~*~*~tactically~*~*~ (hiding).
 31819 | Snake:3  | 31819 ||| INVOKING Berserk.
 31980 | Snake:3  | 31980 ||| INVOKING Berserk.
 32253 | Snake:3  | 32253 ||| INVOKING Berserk.
 32444 | Snake:3  | 32444 ||| Stepping ~*~*~tactically~*~*~ (hiding).
 32447 | Snake:3  | 32447 ||| Stepping ~*~*~tactically~*~*~ (hiding).
 32459 | Snake:3  | 32459 ||| Stepping ~*~*~tactically~*~*~ (stealth).
 32461 | Snake:3  | 32461 ||| Stepping ~*~*~tactically~*~*~ (hiding).
 32468 | Snake:3  | Reached skill level 21 in Shields
 32582 | Snake:3  | Noticed Aizul
 32583 | Snake:3  | 32583 ||| Stepping ~*~*~tactically~*~*~ (hiding).
 32584 | Snake:3  | 32584 ||| Stepping ~*~*~tactically~*~*~ (hiding).
 32585 | Snake:3  | 32585 ||| INVOKING Trog's Hand.
 32586 | Snake:3  | 32586 ||| INVOKING Brothers in Arms.
 32587 | Snake:3  | 32587 ||| INVOKING Berserk.
 32591 | Snake:3  | Killed Aizul
 32592 | Snake:3  | Reached XP level 18. HP: 178/178 MP: 15/15
 32702 | Snake:3  | 32702 ||| DROPPING +2 hand axe of flaming.
 32732 | Snake:3  | 32732 ||| Stepping ~*~*~tactically~*~*~ (hiding).
 32734 | Snake:3  | 32734 ||| Stepping ~*~*~tactically~*~*~ (hiding).
 33056 | Snake:3  | 33056 ||| PLANNING SHOALS:4
 33056 | Snake:3  | 33056 ||| UPGRADING to +1 tower shield of protection.
 33066 | Snake:3  | 33066 ||| DROPPING +0 tower shield of protection.
 33067 | Snake:3  | 33067 ||| DROPPING ring of positive energy.
 33197 | Shoals:4 | Entered Level 4 of the Shoals
 33263 | Shoals:4 | 33263 ||| Stepping ~*~*~tactically~*~*~ (water).
 33274 | Shoals:4 | 33274 ||| INVOKING Berserk.
 33393 | Shoals:4 | Identified the amulet of Orusimos {Reflect Harm rPois rC-
                  | Int+3 SH+5}
 33415 | Shoals:4 | 33415 ||| Stepping ~*~*~tactically~*~*~ (hiding).
 33416 | Shoals:4 | 33416 ||| Stepping ~*~*~tactically~*~*~ (hiding).
 33486 | Shoals:4 | 33486 ||| INVOKING Berserk.
 33502 | Shoals:4 | 33502 ||| INVOKING Trog's Hand.
 33503 | Shoals:4 | 33503 ||| INVOKING Brothers in Arms.
 33503 | Abyss:3  | Cast into level 3 of the Abyss (merfolk impaler)
 33517 | Abyss:3  | 33517 ||| Stepping ~*~*~tactically~*~*~ (water).
 33535 | Abyss:3  | Reached skill level 21 in Fighting
 33546 | Abyss:3  | 33546 ||| Stepping ~*~*~tactically~*~*~ (stealth).
 33548 | Abyss:3  | 33548 ||| Stepping ~*~*~tactically~*~*~ (hiding).
 33592 | Abyss:3  | 33592 ||| Stepping ~*~*~tactically~*~*~ (stealth).
 33594 | Abyss:3  | 33594 ||| Stepping ~*~*~tactically~*~*~ (hiding).
 33651 | Abyss:3  | 33651 ||| Stepping ~*~*~tactically~*~*~ (stealth).
 33682 | Abyss:3  | 33682 ||| Stepping ~*~*~tactically~*~*~ (stealth).
 33685 | Abyss:3  | 33685 ||| Stepping ~*~*~tactically~*~*~ (hiding).
 33693 | Abyss:3  | 33693 ||| Stepping ~*~*~tactically~*~*~ (stealth).
 33698 | Abyss:3  | 33698 ||| Stepping ~*~*~tactically~*~*~ (stealth).
 33704 | Abyss:3  | 33704 ||| Stepping ~*~*~tactically~*~*~ (hiding).
 33757 | Abyss:3  | 33757 ||| Stepping ~*~*~tactically~*~*~ (hiding).
 33786 | Abyss:3  | 33786 ||| Stepping ~*~*~tactically~*~*~ (stealth).
 33837 | Shoals:4 | Escaped the Abyss
 33838 | Shoals:4 | 33838 ||| INVOKING Trog's Hand.
 33838 | Shoals:4 | Noticed Donald
 33839 | Shoals:4 | 33839 ||| INVOKING Brothers in Arms.
 33840 | Shoals:4 | 33840 ||| INVOKING Berserk.
 33852 | Shoals:4 | HP: 67/273 [water nymph/the raging water (12)]
 33857 | Shoals:4 | HP: 40/273 [Donald/+0 scimitar (15)]
 33860 | Shoals:4 | HP: 6/273 [wind drake/the air (18)]
 33862 | Shoals:4 | Killed Donald
 33862 | Shoals:4 | Killed from afar by a wind drake

Levels and vault maps discovered:
D:1:      psy_arrival_radial01, layout_basic,
          chequers_ecumenical_altar_simple_redux
D:2:      layout_basic, serial_shops, shop, shop, shop, shop,
          minmay_gold_behind_fungi
D:3:      layout_loops_ring, nicolae_figureground_pulse, uniq_natasha
D:4:      kennysheep_six_static_rooms, layout_basic, makhleb_heckhound_becter
D:5:      layout_cave_pools, temple_hall, serial_shops,
          nicolae_shop_advertising_works [nicolae_subvault_shop_adworks],
          gammafunk_ghost_mausoleum, uniq_sigmund
D:6:      layout_basic, grunt_gozag_statues, minmay_overflow_temple_star_hex,
          minmay_crystal_water, minmay_manual_macuahuitl
D:7:      layout_loops_ring, mainiacjoe_overflow_concentric_impassable,
          gammafunk_ghost_icy, hangedman_abyss_or_decor_lesser_grid,
          hangedman_decor_push, hangedman_abyss_or_decor_passed,
          palyth_stone_intersect, uniq_joseph, uniq_maggie,
          uniq_crazy_yiuf_cottage
D:8:      layout_cave_pools, chequers_serial_rivers_micro_d,
          small_chamber_with_monster, nicolae_shop_i_like_big_books,
          jiyva_altar_1
D:9:      layout_roguey [special_room_orc], elyvilon_altar_3, uniq_grum
D:10:     layout_roguey, amcnicky_altar_gilded, lair_entry_dummy, orc_0_dummy,
          enter_bailey_2, kennysheep_small_circle
D:11:     minmay_evil_eye, layout_irregular_city, minivault_22, hangedman_batty,
          uniq_maurice, uniq_fannar
D:12:     layout_loops_ring
D:13:     layout_basic
D:14:     layout_irregular_city, david_vaults_4, serial_undead, serial_undead_a,
          serial_undead_d, serial_undead_e, serial_undead_b
D:15:     grunt_enter_depths_giant_problem, layout_cave_pools,
          portal_ice_cave_entry_pillars_1
Lair:1:   layout_chaotic_city, infiniplex_staircase_pool_2
Lair:2:   layout_cellular_growth, minmay_shoals_entry_centaurs,
          dummy_snake_entry, basic_altar, serial_bayou_pond_d,
          hangedman_lair_unloving_vines, wad_woods_02, lemuel_fruit_tree
Lair:3:   layout_cave_pods, serial_bayou_shore_b, grunt_megastairs_2
Lair:4:   minmay_lair_oklob_tunnel, layout_hall_layers, slime_entry_1,
          st_stairs_5, patterned_corridor, grunt_megastairs_4
Lair:5:   minmay_lair_end_enchanted_forest, layout_cave_pods
Shoals:1: layout_shoals, uniq_kirke
Shoals:2: cheibrodos_shoals_roost, layout_shoals, serial_shops, bzr_firewalk,
          shop, nicolae_lakefront_shop, shop_statue
Shoals:3: layout_shoals, nicolae_shoals_shepherds
Shoals:4: shoals_end_hangedman, layout_shoals, ldierk_geyser, uniq_donald
Snake:1:  layout_onion, ebering_ghost_disaster_area, minmay_snake_pond,
          uniq_jorgrun
Snake:2:  layout_rooms, serial_shops, shop, hangedman_snake_sidewinding
Snake:3:  layout_grid_maze, st_stairs_9, uniq_aizul, uniq_bai_suzhen
Orc:1:    layout_diamond_mine, mines2_lemuel
Orc:2:    st_orc_elflike, layout_caves, serial_shops, nicolae_shop_statue_plus

Skill      XL: |  1  2  3  4  5  6  7  8  9 10 11 12 13 14 15 16 17 18 |
---------------+-------------------------------------------------------+-----
Axes           | 4 5 6 7 9 10 12 13 16 | 16.0
Throwing       | 1 2 3 4 5 |  5.3
Shields        | 2 3 4 5 7 9 10 11 12 17 21 | 21.0
Fighting       | 4 5 6 8 9 12 14 16 18 19 20 21 | 21.2
Armour         | 3 5 7 9 12 13 15 17 18 19 | 19.0
Dodging        | 3 4 6 8 9 11 | 11.0

Action                   |  1- 3 |  4- 6 |  7- 9 | 10-12 | 13-15 | 16-18 || total
-------------------------+-------+-------+-------+-------+-------+-------++-------
Melee: Hand axe          |    74 |    69 |       |     1 |    22 |       ||   166
       Headbutt          |     8 |     8 |    31 |    52 |   162 |   190 ||   451
       Kick              |       |    18 |    50 |    83 |     4 |    41 ||   196
       War axe           |       |    31 |   198 |   331 |   599 |   806 ||  1965
Throw: Javelin           |    10 |    46 |     9 |       |       |       ||    65
       Boomerang         |       |     1 |    18 |    78 |    89 |    53 ||   239
Invok: Berserk           |     1 |     7 |    13 |    22 |    29 |    22 ||    94
       Brothers in Arms  |       |       |       |     5 |    12 |     8 ||    25
       Trog's Hand       |       |       |       |       |     6 |    14 ||    20
  Use: Scroll            |     2 |     5 |    16 |    11 |    11 |     3 ||    48
       Potion            |     1 |     2 |     4 |       |     2 |     1 ||    10
 Stab: Distracted        |       |       |       |     2 |     8 |    13 ||    23
       Petrifying        |       |       |       |     3 |       |       ||     3
Armor: Animal skin       |    10 |       |       |       |       |       ||    10
       Chain mail        |     8 |    26 |    37 |       |       |       ||    71
       Plate armour      |       |       |     8 |   105 |   249 |   299 ||   661
Dodge: Dodged            |    39 |    32 |    73 |    85 |   263 |   456 ||   948
       Repelled          |       |       |       |     2 |     6 |    17 ||    25
Block: Buckler           |       |    11 |    51 |    71 |   205 |    28 ||   366
       Tower shield      |       |       |       |       |       |   786 ||   786

Table legend:
 A = Non-vault XP
 B = Vault XP
 C = Vault XP percentage of total XP
 D = Non-vault monster count
 E = Vault monster count
 F = Vault count percentage of total count
                 A         B        C        D         E       F
            +---------+---------+-------+---------+---------+-------
      Total |  226815 |  103263 |  31.3 |     815 |     276 |  25.3
            +---------+---------+-------+---------+---------+-------
        D:1 |      66 |       0 |   0.0 |      26 |       0 |   0.0
        D:2 |      53 |       0 |   0.0 |      15 |       0 |   0.0
        D:3 |     112 |      35 |  23.8 |      17 |       1 |   5.6
        D:4 |     457 |      89 |  16.3 |      30 |       7 |  18.9
        D:5 |     314 |     214 |  40.5 |       9 |       1 |  10.0
        D:6 |    1341 |     630 |  32.0 |      23 |       5 |  17.9
        D:7 |    1481 |     812 |  35.4 |      54 |       2 |   3.6
        D:8 |    1410 |     995 |  41.4 |      32 |       5 |  13.5
        D:9 |    3013 |    1282 |  29.8 |      32 |      32 |  50.0
       D:10 |    2856 |     262 |   8.4 |      14 |       2 |  12.5
       D:11 |    4737 |    5089 |  51.8 |      19 |      18 |  48.6
       D:12 |    4379 |       0 |   0.0 |      21 |       0 |   0.0
       D:13 |    9037 |     220 |   2.4 |      19 |       1 |   5.0
       D:14 |    7523 |    8853 |  54.1 |      22 |      16 |  42.1
       D:15 |   19030 |    1286 |   6.3 |      37 |       1 |   2.6
     Lair:1 |    3878 |       0 |   0.0 |      17 |       0 |   0.0
     Lair:2 |    5347 |    1186 |  18.2 |      16 |       7 |  30.4
     Lair:3 |   11192 |    2853 |  20.3 |      40 |       5 |  11.1
     Lair:4 |    6044 |    5565 |  47.9 |      22 |      12 |  35.3
     Lair:5 |   24390 |    9172 |  27.3 |      61 |      45 |  42.5
   Shoals:1 |   14384 |    1966 |  12.0 |      27 |       4 |  12.9
   Shoals:2 |   20864 |    3191 |  13.3 |      41 |       6 |  12.8
   Shoals:3 |   21810 |    5368 |  19.8 |      40 |      13 |  24.5
   Shoals:4 |    7964 |   15206 |  65.6 |      19 |      27 |  58.7
    Snake:1 |   12295 |    8979 |  42.2 |      25 |      12 |  32.4
    Snake:2 |    8550 |   17567 |  67.3 |      21 |      22 |  51.2
    Snake:3 |    9990 |    3870 |  27.9 |      18 |       5 |  21.7
      Orc:1 |    6029 |       0 |   0.0 |      39 |       0 |   0.0
      Orc:2 |    3038 |    8330 |  73.3 |      33 |      25 |  43.1
    Abyss:3 |   15231 |     243 |   1.6 |      26 |       2 |   7.1
            +---------+---------+-------+---------+---------+-------
